[Event "*** MasterClass Titled Tuesday Blitz"]
[Site "Chess.com"]
[Date "2017.12.05"]
[Round "5"]
[White "hhbcd_grob_bes"]
[Black "MultiWebCreation"]
[Result "1-0"]
[WhiteElo "1488"]
[BlackElo "1334"]
[TimeControl "180+2"]
[EndTime "15:15:30 PST"]
[Termination "hhbcd_grob_bes won on time"]

1. e4 e5 2. Nf3 Nc6 3. d4 exd4 4. Nxd4 Nxd4 5. Qxd4 d6 6. Nc3 Be7 7. Bc4 Nf6 8. Be3 O-O 9. O-O-O Ng4 10. f3 Nxe3 11.
Qxe3 h6 12. Kb1 c6 13. g4 Bg5 14. Qf2 Qf6 15. h4 Bf4 16. Rhg1 b5 17. Bb3 Qe7 18. Ne2 g5 19. hxg5 Bxg5 20. f4 Qf6 21. Qh2 Bxf4 22.
Qxf4 Qxf4 23. Nxf4 Bb7 24. g5 Kh7 25. Rxd6 hxg5 26.
Rxg5 Rad8 27. Rh5+ Kg7 28. Rxd8 Rxd8 29. c3 c5 30. Nd5 1-0

[Event "*** MasterClass Titled Tuesday Blitz"]
[Site "Chess.com"]
[Date "2017.12.05"]
[Round "5"]
[White "ChessQueen"]
[Black "OparinGrigoriy"]
[Result "0-1"]
[WhiteElo "2598"]
[BlackElo "2723"]
[TimeControl "180+2"]
[EndTime "15:15:41 PST"]
[Termination "OparinGrigoriy won by resignation"]

1. e4 e5 2. Nf3 Nc6 3. Bc4 Bc5 4.
c3 Nf6 5. d3 a6 6. a4 Ba7 7.
O-O d6 8. Re1 O-O 9. h3 Ne7 10.
Nbd2 Ng6 11. Nf1 Re8 12. Ng3 c6 13. Bb3 h6 14. Bc2 d5 15. Qe2 a5 16. Nh2 Be6 17.
Be3 Bxe3 18. fxe3 dxe4 19. dxe4 Qb6 20. Rab1 Rad8 21. Qf2 Ne7 22. b4 Rd7 23. Ngf1 Red8 24. g4 Ng6 25. Kh1 Bc4 26. Qg3 Bd3 27. Bxd3 Rxd3 28.
bxa5 Qxa5 29. Rxb7 Qxa4 30. Nf3 Qxe4 31. Rb4 Qd5 32. h4 c5 33. g5 cxb4 34. gxf6 h5 35. cxb4 gxf6 36. Kg1 Qe4 0-1

[Event "*** MasterClass Titled Tuesday Blitz"]
[Site "Chess.com"]
[Date "2017.12.05"]
[Round "5"]
[White "robbykevlishvili"]
[Black "Khamrakulov_Djurabek"]
[Result "1-0"]
[WhiteElo "2424"]
[BlackElo "2660"]
[TimeControl "180+2"]
[EndTime "15:15:42 PST"]
[Termination "robbykevlishvili won by resignation"]

1. e4 c6 2. d4 d5 3. e5 Bf5 4.
Nf3 e6 5. Be2 Ne7 6. O-O h6 7.
Nbd2 Nd7 8. Nb3 Qc7 9. a4 g5 10.
Ne1 Bg7 11. Nd3 O-O 12. f4 f6 13. exf6 Bxf6 14. Ne5 Ng6 15. Ng4 Kg7 16. Nxf6 Nxf6 17. fxg5 hxg5 18. Bxg5 Ne4 19. Qc1 Rh8 20. Bf4 e5 21. dxe5 Nxf4 22. Qxf4 Qb6+ 23. Kh1 Rxh2+ 24. Qxh2 Rh8 25. Bh5 Rxh5 26. Qxh5 Ng3+ 27. Kh2 Nxh5 28. Rxf5 Kg6 29. Raf1 Qb4 30. R1f3 Qxa4 31. Nc5 Qxc2 32. Nd3 Qe2 33. Rxh5 Qe4 34. Rhh3 c5 35. Rhg3+ Kh7 36.
Rf4 1-0

[Event "*** MasterClass Titled Tuesday Blitz"]
[Site "Chess.com"]
[Date "2017.12.05"]
[Round "5"]
[White "northridgehawk"]
[Black "oogee"]
[Result "1-0"]
[WhiteElo "1972"]
[BlackElo "2062"]
[TimeControl "180+2"]
[EndTime "15:15:49 PST"]
[Termination "northridgehawk won by resignation"]

1. e4 c5 2. Nf3 d6 3. d4 cxd4 4.
Nxd4 Nf6 5. Nc3 g6 6. Be3 Bg7 7.
f3 Nc6 8. Qd2 O-O 9. g4 Nxd4 10.
Bxd4 Be6 11. h4 Qa5 12. h5 Rfc8 13. a3 Rab8 14. hxg6 fxg6 15. O-O-O b5 16. Kb1 b4 17. Nd5 Bxd5 18. exd5 Qxd5 19. axb4 Qxf3 20. g5 Ne4 21. Qe1 e5 22. Rh3 Qg4 23. Rh4 Qxg5 24. Rxe4 exd4 25. Re7 Be5 26. Rxa7 Qe3 27. Qh4 Bg7 28. Re1 Qd2 29. Ree7 Qxc2+ 30. Ka2 Qa4+ 1-0

[Event "*** MasterClass Titled Tuesday Blitz"]
[Site "Chess.com"]
[Date "2017.12.05"]
[Round "5"]
[White "evgenysharapov"]
[Black "Korchmar_Vasiliy"]
[Result "0-1"]
[WhiteElo "2283"]
[BlackElo "2536"]
[TimeControl "180+2"]
[EndTime "15:15:56 PST"]
[Termination "Korchmar_Vasiliy won by resignation"]

1. e4 c5 2. Nf3 e6 3. d4 cxd4 4.
Nxd4 a6 5. Bd3 Nf6 6. O-O Qc7 7. c4 d6 8. Nc3 g6 9. Be3 Bg7 10. f3 O-O 11. Qd2 b6 12. Rfc1 Nbd7 13. Bf1 Bb7 14.
Rab1 Rfe8 15. b4 Rac8 16. Nb3 Qb8 17. c5 d5 18. exd5 exd5 19. cxb6 Nh5 20. Bd4 Bxd4+ 21.
Qxd4 Ng7 22. Nxd5 Nf5 23. Nf6+ Nxf6 24. Qxf6 Re6 25. Qb2 Rxb6 26. Nc5 Rd6 27. Nxb7 Qxb7 28. Rxc8+ Qxc8 29. Rc1 Qd7 30. Qc3 Ne7 31. Qb3 h5 32. b5 axb5 33. Qxb5 Qe6 34. Qb8+ Kg7 35. Qb2+ f6 36.
Qe2 Qd7 37. Re1 Nf5 38. Qb5 Qa7+ 39. Kh1 Qxa2 40. Qb7+ Kh6 41. Qb8 Qf2 42. Qh8+ Kg5 43. Ra1 Qh4 44. Kg1 Qd4+ 45. Kh1 Qxa1 0-1

[Event "*** MasterClass Titled Tuesday Blitz"]
[Site "Chess.com"]
[Date "2017.12.05"]
[Round "5"]
[White "Grebeniuk-S"]
[Black "chessking2151"]
[Result "1-0"]
[WhiteElo "2400"]
[BlackElo "2337"]
[TimeControl "180+2"]
[EndTime "15:15:56 PST"]
[Termination "Grebeniuk-S won by resignation"]

1. d4 Nf6 2. Nf3 e6 3. e3 d5 4.
Bd3 c5 5. c3 Nc6 6. Nbd2 Bd6 7.
O-O O-O 8. dxc5 Bxc5 9. e4 h6 10. h3 Re8 11. Qc2 Qc7 12. exd5 Nxd5 13. Ne4 Be7 14.
a3 b6 15. c4 Nf4 16. Bxf4 Qxf4 17. Ng3 Bb7 18. Rfe1 Rad8 19. Bh7+ Kh8 20. Be4 Bc5 21.
b4 Bd4 22. Rad1 Qxg3 23. Nxd4 Qc7 24. Nb5 Qb8 25. c5 bxc5 26. bxc5 Rxd1 27. Rxd1 Rf8 28. Nd6 Ba8 29. Rb1 Qc7 30. Qa4 Ne5 31. Bxa8 Rxa8 32. Qe4 Nc6 33. Rb7 Qa5 34. Qxc6 Qe1+ 35. Kh2 Qxf2 36. Rxf7 1-0

[Event "*** MasterClass Titled Tuesday Blitz"]
[Site "Chess.com"]
[Date "2017.12.05"]
[Round "5"]
[White "ChessicallyInclined"]
[Black "goingin33"]
[Result "1-0"]
[WhiteElo "2219"]
[BlackElo "2285"]
[TimeControl "180+2"]
[EndTime "15:15:57 PST"]
[Termination "ChessicallyInclined won by checkmate"]

1. d4 Nf6 2. c4 g6 3. Nc3 d5 4. Nf3 Bg7 5. Qb3 dxc4 6. Qxc4 O-O 7. e4 Na6 8. Be2 c5 9. d5 e6 10. O-O exd5 11. exd5 Re8 12. Rd1 Bf5 13. Nh4 Bd7 14. Be3 Ne4 15. Nf3 Nxc3 16. bxc3 b5 17. Qb3 c4 18.
Qc2 Bf5 19. Qc1 b4 20. Bxc4 bxc3 21. Bxa6 c2 22. Rf1 Bxa1 23. Qxa1 Rb8 24. Bh6 f6 25. Qc3 Rb1 26. Rc1 Rxc1+ 27. Bxc1 Qb6 28. Bd3 Qb1 29. Qa3 Bxd3 30. d6 Bf5 31. h3 Rb8 32. Kh2 Qxc1 33. Qxc1 Rb1 34. Qe3 c1=Q 35. Qe8+ Kg7 36.
Qe7+ Kh6 37. Qf8+ Kh5 38. Qxf6 Qf4+ 39. g3 Qxf3 40. Qh4# 1-0

[Event "*** MasterClass Titled Tuesday Blitz"]
[Site "Chess.com"]
[Date "2017.12.05"]
[Round "5"]
[White "luisgui16"]
[Black "saikrishnaReturns"]
[Result "0-1"]
[WhiteElo "2303"]
[BlackElo "2428"]
[TimeControl "180+2"]
[EndTime "15:15:58 PST"]
[Termination "saikrishnaReturns won by resignation"]

1. e4 e5 2. Nf3 Nc6 3. Bb5 a6 4. Ba4 d6 5. c4 f5 6. exf5 Bxf5 7. d4 e4 8. d5 exf3 9. Qxf3 b5 10.
dxc6 Bxb1 11. cxb5 Qe7+ 12. Kd1 Be4 13. Qb3 axb5 14.
Qxb5 Nf6 15. f4 d5 16. Bb3 Qb4 17. Qxb4 Bxb4 18. Be3 Bxg2 19. Rg1 Bf3+ 20. Kc1 d4 21.
Bxd4 O-O-O 22. Bc3 Bc5 23. Re1 Rhe8 24. Rxe8 Rxe8 25.
Be5 Ng4 26. Kc2 Nxe5 27. Re1 Bxc6 28. fxe5 g5 29. e6 g4 30. Re5 Bd6 31. Rh5 Be4+ 32. Kd2 Bg6 33. Ra5 Bb4+ 0-1

[Event "*** MasterClass Titled Tuesday Blitz"]
[Site "Chess.com"]
[Date "2017.12.05"]
[Round "5"]
[White "calemcc"]
[Black "visa"]
[Result "1-0"]
[WhiteElo "2281"]
[BlackElo "2179"]
[TimeControl "180+2"]
[EndTime "15:15:59 PST"]
[Termination "calemcc won by checkmate"]

1. d4 Nf6 2. c4 c5 3. Nf3 g6 4. Nc3 Bg7 5. e3 O-O 6. Be2 b6 7. O-O Bb7 8. b3 Ne4 9. Bb2 cxd4 10. Nxd4 Nxc3 11. Bxc3 d5 12. Bf3 e5 13. Nc2 e4 14.
Bxg7 Kxg7 15. Be2 dxc4 16. Bxc4 Nc6 17. Bd5 Qe7 18. Nd4 Ne5 19. Bxb7 Qxb7 20. Rc1 Rad8 21.
Qd2 Nc6 22. Rc4 b5 23. Qc3 Nxd4 24. Rxd4 Kg8 25. Rfd1 Rxd4 26. Rxd4 Rc8 27. Qd2 Qc6 28. h3 Qc1+ 29. Kh2 Qxd2 30. Rxd2 Rc7 31. Kg3 f5 32.
Kf4 Kf7 33. f3 exf3 34. gxf3 Ke6 35. e4 fxe4 36. fxe4 Rc3 37. h4 Rh3 38. Kg5 Rg3+ 39. Kh6 Rg4 40. Kxh7 Rxh4+ 41. Kxg6 Rxe4 42. Kg5 Re5+ 43. Kf4 Rd5 44. Rc2 Kd6 45. Ke4 Rc5 46. Rd2+ Kc6 47.
Rd8 Rc2 48. Rc8+ Kb7 49. Rxc2 b4 50. Kd4 Kb6 51. Kc4 a5 52. Rh2 Ka6 53. Rh6+ Ka7 54. Kb5 Ka8 55. Kb6 a4 56. Rh8# 1-0

[Event "*** MasterClass Titled Tuesday Blitz"]
[Site "Chess.com"]
[Date "2017.12.05"]
[Round "5"]
[White "lucasmito"]
[Black "LawrenceTrent"]
[Result "1-0"]
[WhiteElo "2202"]
[BlackElo "2374"]
[TimeControl "180+2"]
[EndTime "15:16:01 PST"]
[Termination "lucasmito won on time"]

1. e4 e6 2. d4 d5 3. Nc3 Nf6 4. e5 Nfd7 5. f4 c5 6. Nf3 Nc6 7. Be3 a6 8. Qd2 b5 9. dxc5 Nxc5 10. a3 Bb7 11. Nd4 Rc8 12. Bd3 Nxd3+ 13. Qxd3 Na5 14. f5 Qd7 15. fxe6 fxe6 16. Nce2 Nc4 17. Nf4 Nxe3 18. Qxe3 Bc5 19. c3 O-O 20. O-O Rce8 21. Kh1 Rf7 22. Qh3 Bc8 23. Rad1 Ref8 24. Qg4 Qc7 25. Rde1 Bxd4 26. cxd4 Qc2 27. Re2 Qf5 28. Qg3 Kh8 29. Ref2 Qxe5 30. dxe5 1-0

[Event "*** MasterClass Titled Tuesday Blitz"]
[Site "Chess.com"]
[Date "2017.12.05"]
[Round "5"]
[White "Markov_Mikhail"]
[Black "QuintilianoR"]
[Result "1-0"]
[WhiteElo "2614"]
[BlackElo "2515"]
[TimeControl "180+2"]
[EndTime "15:16:04 PST"]
[Termination "Markov_Mikhail won by checkmate"]

1. c4 c5 2. Nf3 Nc6 3. Nc3 g6 4. g3 Bg7 5. Bg2 d6 6. O-O e5 7. e3 Nge7 8. d4 exd4 9. exd4 cxd4 10. Nb5 O-O 11. Nbxd4 d5 12. Nxc6 bxc6 13. Qa4 Qb6 14.
Re1 Nf5 15. Ne5 Re8 16. Bf4 g5 17. Bxd5 Rxe5 18. Bxe5 cxd5 19. cxd5 Bb7 20. Qg4 Nh6 21. Qf3 f6 22. Bc3 Rd8 23. Rad1 Qd6 24. Re6 Qd7 25. Rxf6 Bxd5 26. Qh5 Bxf6 27. Bxf6 Re8 28. Qxh6 Qg4 29.
Qg7# 1-0

[Event "*** MasterClass Titled Tuesday Blitz"]
[Site "Chess.com"]
[Date "2017.12.05"]
[Round "5"]
[White "sting_vs"]
[Black "chesstrophy1"]
[Result "0-1"]
[WhiteElo "1422"]
[BlackElo "1420"]
[TimeControl "180+2"]
[EndTime "15:16:05 PST"]
[Termination "chesstrophy1 won by resignation"]

1. e4 e5 2. Nf3 Nc6 3. Bc4 Bc5 4. d3 Nf6 5. Ng5 O-O 6. c3 h6 7. Nf3 d6 8. Be3 Bb6 9. Nbd2 Bg4 10. h3 Be6 11. g4 Bxc4 12. Nxc4 Bxe3 13. Nxe3 a6 14.
h4 b5 15. g5 hxg5 16. hxg5 Nd7 17. Nxe5 Ncxe5 18. Qh5 f6 19. g6 Nxg6 20. Qxg6 Ne5 21. Qh7+ Kf7 22. Nf5 Rg8 23. Nh6+ Ke6 24.
Qf5+ Ke7 25. Nxg8+ Qxg8 26. Rh7 Re8 27. O-O-O Kd8 28.
Rg1 Qxa2 29. Rgxg7 Nxd3+ 30. Kd2 Nc5 31. Rd7+ Kc8 32. Rxc7+ Kb8 33. Qd7 Qxb2+ 34. Ke3 Qxc3+ 35. Kf4 Qd2+ 36. Kg3 Rg8+ 37. Rg7 Nxd7 38. Rxd7 Rxg7+ 39. Rxg7 Qd3+ 40. f3 Qd4 41. Rg6 Qe5+ 42. Kf2 Qh2+ 43.
Ke3 Qe5 44. f4 Qc5+ 45. Kf3 Qc3+ 46. Kg4 Kc7 47. Rg7+ Kc6 48. Kh5 Qh3+ 49. Kg6 Qg3+ 50. Kxf6 Qxf4+ 51. Ke7 Qxe4+ 52. Kd8 Qh4+ 53. Kc8 Qh8+ 0-1

[Event "*** MasterClass Titled Tuesday Blitz"]
[Site "Chess.com"]
[Date "2017.12.05"]
[Round "5"]
[White "ZCorrales"]
[Black "fredjust"]
[Result "1-0"]
[WhiteElo "2154"]
[BlackElo "1603"]
[TimeControl "180+2"]
[EndTime "15:16:06 PST"]
[Termination "ZCorrales won by resignation"]

1. e4 b6 2. Nf3 Bb7 3. Bc4 e6 4. Nc3 d5 5. exd5 exd5 6. Qe2+ Be7 7. Bb3 Nf6 8. O-O O-O 9. d3 Re8 10. Qd1 c5 11. Ba4 Bc6 12. Bxc6 Nxc6 13. d4 Qc7 14. dxc5 Bxc5 15. Nxd5 Nxd5 16. Qxd5 Rad8 17. Qh5 Re6 18. Bg5 Rde8 19. Rad1 Re2 20. Qg4 Rxc2 21. Rd7 Bxf2+ 22. Rxf2 Rc1+ 23. Rf1 Rxf1+ 24. Kxf1 Qc8 25. Qf5 Qa6+ 26. Qd3 Qxd3+ 27. Rxd3 f6 28. Bf4 Nb4 29. Rd7 Nxa2 30. Rxa7 Nc1 31. Bxc1 h6 32. Bf4 Re6 33. Kf2 Kh7 34.
Be3 Kg6 35. Rb7 b5 36. Rxb5 f5 37. Nd4 Rd6 38. Rxf5 Rf6 39. Rxf6+ gxf6 40. b4 1-0

[Event "*** MasterClass Titled Tuesday Blitz"]
[Site "Chess.com"]
[Date "2017.12.05"]
[Round "5"]
[White "TijanaBlagojevic"]
[Black "hectorfiori"]
[Result "1-0"]
[WhiteElo "2325"]
[BlackElo "2201"]
[TimeControl "180+2"]
[EndTime "15:16:09 PST"]
[Termination "TijanaBlagojevic won by checkmate"]

1. e4 c5 2. Nf3 e6 3. c4 a6 4. d4 cxd4 5. Nxd4 b6 6. Nc3 Bb7 7. Be2 d6 8. O-O Nd7 9. a4 Rc8 10. a5 Be7 11. Be3 bxa5 12. Nb3 Ngf6 13. f3 O-O 14. Nxa5 Ba8 15. Kh1 Qc7 16. Qd2 Rfe8 17. Bg1 Ne5 18. Rfd1 Red8 19. Qf4 Ng6 20. Qg3 Nh5 21.
Qf2 e5 22. b4 Nhf4 23. Bf1 Ne6 24. Nd5 Bxd5 25. exd5 Nd4 26. Qd2 Bf6 27. Bxd4 exd4 28. Nc6 Re8 29. Rxa6 Ne5 30. Nxe5 Bxe5 31. Bd3 Qe7 32.
Re1 Qh4 33. h3 Qg3 34. Kg1 Qh2+ 35. Kf1 Bg3 36. Re4 f5 37. Re6 Qh1+ 38. Ke2 Qxg2+ 39. Kd1 Qxf3+ 40. Kc2 Rxe6 41. dxe6 Qe3 42. Ra7 Qxe6 43. Qg2 f4 44. Qb7 f3 45. Qxg7# 1-0

[Event "*** MasterClass Titled Tuesday Blitz"]
[Site "Chess.com"]
[Date "2017.12.05"]
[Round "5"]
[White "ZalupiNputiN"]
[Black "Vamostodorecto"]
[Result "0-1"]
[WhiteElo "2051"]
[BlackElo "2322"]
[TimeControl "180+2"]
[EndTime "15:16:16 PST"]
[Termination "Vamostodorecto won by resignation"]

1. e4 e5 2. Nf3 Nc6 3. Bc4 Nf6 4. d3 Be7 5. a3 O-O 6. Ba2 d6 7. h3 Kh8 8. Nbd2 Ng8 9. g4 Be6 10. Nc4 Qd7 11. Rg1 f6 12. Nh4 d5 13. Ne3 dxe4 14.
Bxe6 Qxe6 15. Nef5 Rad8 16. g5 exd3 17. Qh5 fxg5 18.
Nxg7 Kxg7 19. Bxg5 Kh8 20. Bxe7 Ngxe7 21. O-O-O dxc2 22. Rxd8 Rxd8 23. Qg5 Rd1+ 24. Rxd1 cxd1=Q+ 25. Kxd1 Ng6 26. Nf5 Nce7 27. Nh6 Kg7 28. Ng4 Qf5 29. Qh6+ Kg8 30. Ne3 Qf3+ 31. Kd2 Qxf2+ 32. Kd3 Qf4 33. Qh5 e4+ 34.
Kc2 Qxe3 35. h4 Qd3+ 36. Kc1 e3 37. Qg4 e2 0-1

[Event "*** MasterClass Titled Tuesday Blitz"]
[Site "Chess.com"]
[Date "2017.12.05"]
[Round "5"]
[White "aa175"]
[Black "josemoramoron"]
[Result "0-1"]
[WhiteElo "1868"]
[BlackElo "2183"]
[TimeControl "180+2"]
[EndTime "15:16:26 PST"]
[Termination "josemoramoron won by checkmate"]

1. e4 c5 2. b4 cxb4 3. a3 d5 4. exd5 Nf6 5. axb4 Nxd5 6. c3 e5 7.
Nf3 Bd6 8. Bb5+ Nc6 9. O-O O-O 10. d3 Qf6 11. Bb2 Bg4 12. Nbd2 Qg6 13. g3 Kh8 14.
Qa4 Nce7 15. Nh4 Qh6 16. Ne4 Bc7 17. Bc1 Qh5 18. f3 Bh3 19. Ng2 f5 20. Nc5 Nxc3 21.
Qc2 Nxb5 22. Ne6 Rfc8 23. Qa4 Bb6+ 24. Kh1 Nd4 25. Nxd4 Bxd4 26. Qd7 Ng6 27. Ra5 b6 28. Rd5 f4 29. g4 Bxg2+ 30. Kxg2 Nh4+ 31. Kh1 Qg6 32. Qf5 Nxf5 33. gxf5 Qxf5 34. Ba3 Qxd3 35. h4 Qxf1+ 36. Kh2 Rc2# 0-1

[Event "*** MasterClass Titled Tuesday Blitz"]
[Site "Chess.com"]
[Date "2017.12.05"]
[Round "5"]
[White "MRniceplay"]
[Black "dawtonlms"]
[Result "0-1"]
[WhiteElo "2241"]
[BlackElo "2243"]
[TimeControl "180+2"]
[EndTime "15:16:27 PST"]
[Termination "dawtonlms won by checkmate"]

1. e4 e6 2. Nf3 d5 3. Nc3 Nf6 4. e5 Nfd7 5. d4 c5 6. dxc5 Nc6 7. Bd3 Bxc5 8. Bf4 f6 9. exf6 Nxf6 10. Qe2 O-O 11. Ne5 Nxe5 12. Bxe5 a6 13. O-O-O b5 14.
g4 b4 15. g5 bxc3 16. gxf6 cxb2+ 17. Kb1 gxf6 18. Bxh7+ Kf7 19. Qh5+ Ke7 20. c4 fxe5 21. cxd5 exd5 22. Qxe5+ Be6 23. Rhe1 Qd6 24. Qg5+ Kd7 25. Rxe6 Kxe6 26. Qg7 Qe5 27. Qb7 Rfb8 28. Qc6+ Bd6 29. f4 Qxf4 30. Re1+ Kf6 31. Qxd5 Be5 32. Qc6+ Ke7 33.
Qc7+ Kf6 34. Qc6+ Bd6 35. Qc3+ Kf7 36. Rg1 Rg8 37. Bxg8+ Rxg8 38. Qb3+ Ke7 39. Rxg8 Qc1# 0-1

[Event "*** MasterClass Titled Tuesday Blitz"]
[Site "Chess.com"]
[Date "2017.12.05"]
[Round "5"]
[White "krzyzan94"]
[Black "AndreyOstrovskiy"]
[Result "1-0"]
[WhiteElo "2608"]
[BlackElo "2522"]
[TimeControl "180+2"]
[EndTime "15:16:37 PST"]
[Termination "krzyzan94 won by resignation"]

1. e4 e5 2. Nf3 Nc6 3. d4 exd4 4. Nxd4 Nf6 5. Nxc6 bxc6 6. e5 Qe7 7. Qe2 Nd5 8.
c4 Nb6 9. Nc3 a5 10. Bd2 a4 11.
f4 Ba6 12. Qe4 Qc5 13. b3 Be7 14. Bd3 g6 15. Rb1 axb3 16. axb3 Qa3 17. O-O O-O 18. f5 Rfe8 19. fxg6 fxg6 20. Kh1 d5 21. Qg4 Bf8 22. Bxg6 Bg7 23. Bxe8 Rxe8 24. Bg5 Bc8 25. Qf3 Rf8 26.
Qh5 Bf5 27. cxd5 Bxb1 28. Rxb1 cxd5 29. h3 Qc5 30. Ne2 Qc2 31. Rc1 Qe4 32. Bf6 Bxf6 33. exf6 Rxf6 34. Rxc7 Rf1+ 35. Kh2 Rf2 36. Qg5+ Kf8 37.
Qd8+ Qe8 38. Qd6+ Kg8 39. Qg3+ Qg6 40. Qxf2 1-0

[Event "*** MasterClass Titled Tuesday Blitz"]
[Site "Chess.com"]
[Date "2017.12.05"]
[Round "5"]
[White "JusticeBot"]
[Black "Winehouse83"]
[Result "1-0"]
[WhiteElo "2579"]
[BlackElo "2384"]
[TimeControl "180+2"]
[EndTime "15:16:38 PST"]
[Termination "JusticeBot won on time"]

1. e4 e5 2. Nf3 Nc6 3. Bc4 Bc5 4. b4 Bxb4 5. c3 Be7 6. d4 Na5 7. Be2 d6 8. Qa4+ c6 9. dxe5 dxe5 10. Nxe5 Nf6 11.
O-O O-O 12. Rd1 Qc7 13. Bf4 b5 14. Qxa5 Qxa5 15. Nxc6 Qa4 16. Nxe7+ Kh8 17. Rd4 Qc2 18. Nd2 Qxc3 19. Nb3 Be6 20. Rc1 Qb2 21. Rd2 Qa3 22.
Bd6 Qa6 23. Nc5 Qa5 24. Rb2 Qa3 25. Rcb1 Bxa2 26. Nb7 Qa6 27. Ra1 Qxb7 28. Raxa2 Nxe4 29. Bf3 Qd7 30. Ba3 Ng5 31. Be2 a6 32. Rd2 Qf5 33.
Nxf5 Ne4 34. Bxf8 Nxd2 35. Bxg7+ Kg8 36. Rxd2 1-0

[Event "*** MasterClass Titled Tuesday Blitz"]
[Site "Chess.com"]
[Date "2017.12.05"]
[Round "5"]
[White "Hanging_pointer"]
[Black "benhal"]
[Result "0-1"]
[WhiteElo "2299"]
[BlackElo "2241"]
[TimeControl "180+2"]
[EndTime "15:16:42 PST"]
[Termination "benhal won by resignation"]

1. e4 g6 2. d3 Bg7 3. Nc3 d6 4. g3 e5 5. Bg2 f5 6. Nge2 Nc6 7. O-O Nf6 8. exf5 Bxf5 9. d4 Nd7 10. d5 Nb4 11.
Ne4 O-O 12. c3 Na6 13. b4 Nf6 14. Nxf6+ Qxf6 15. Be3 Rae8 16. h3 b6 17. g4 Bd7 18.
a4 Nb8 19. Ng3 Kh8 20. Ne4 Qe7 21. c4 Bc8 22. a5 Nd7 23. axb6 axb6 24. Ra7 Nf6 25. c5 bxc5 26. bxc5 Nxe4 27. Bxe4 Qh4 28. Bg2 h5 29. f3 e4 30. Bf2 Qg5 31. fxe4 hxg4 32.
h4 Qe5 33. Rxc7 g3 34. Be3 dxc5 35. Bxc5 Rxf1+ 36. Bxf1 Qxc7 37. Bd4 Rxe4 38. Bxg7+ Qxg7 39. Bg2 Qd4+ 40. Qxd4+ Rxd4 41. Kf1 Bb7 42. Ke2 Bxd5 0-1

[Event "*** MasterClass Titled Tuesday Blitz"]
[Site "Chess.com"]
[Date "2017.12.05"]
[Round "5"]
[White "temiksmozg"]
[Black "Msb2"]
[Result "1-0"]
[WhiteElo "2520"]
[BlackElo "2704"]
[TimeControl "180+2"]
[EndTime "15:16:55 PST"]
[Termination "temiksmozg won by checkmate"]

1. d4 Nf6 2. c4 e6 3. Nf3 d5 4. Nc3 Bb4 5. Qa4+ Nc6 6. e3 O-O 7. Qc2 Ne7 8. a3 Bxc3+ 9. Qxc3 c5 10. dxc5 Ne4 11. Qc2 Nxc5 12. b4 Ne4 13. Bd3 Nf6 14. Bb2 Ng6 15. h4 dxc4 16. Qxc4 Ne7 17. Rd1 Ned5 18.
Bb1 Qe7 19. Ng5 h6 20. e4 Nb6 21. Qd3 e5 22. f4 Bg4 23. fxe5 Rfd8 24. exf6 Rxd3 25.
Rxd3 gxf6 26. Nf3 Nc4 27. Bc1 Rd8 28. Rxd8+ Qxd8 29. Kf2 Qb6+ 30. Kg3 h5 31. Rd1 Kg7 32. Rd5 Ne3 33. Rc5 Nd1 34. Bc2 Qd6+ 35. Bf4 Qd7 36.
e5 fxe5 37. Nxe5 Qd4 38. Nxg4 Qg1 39. Bh6+ Kg8 40. Rc8# 1-0

[Event "*** MasterClass Titled Tuesday Blitz"]
[Site "Chess.com"]
[Date "2017.12.05"]
[Round "5"]
[White "walkingcreep"]
[Black "pastouche06"]
[Result "1-0"]
[WhiteElo "2414"]
[BlackElo "2325"]
[TimeControl "180+2"]
[EndTime "15:16:58 PST"]
[Termination "walkingcreep won by checkmate"]

1. d4 Nf6 2. c4 e6 3. Nc3 Bb4 4. g3 c5 5. Nf3 Nc6 6. Bg2 Ne4 7.
Bd2 Nxd2 8. Qxd2 cxd4 9. Nxd4 O-O 10. O-O a6 11. a3 Be7 12. b4 Qc7 13. Rad1 d6 14.
Nxc6 bxc6 15. Qe3 Bb7 16. c5 d5 17. Na4 e5 18. Nb6 Rad8 19. Qb3 f5 20. e4 fxe4 21. Bxe4 Kh8 22. Bg2 Bc8 23. Rfe1 e4 24. f3 exf3 25. Bxf3 Bf6 26. Bg2 Bg4 27. Rd2 Bg5 28. Rd4 Bh5 29. h4 Bf6 30. Rf4 Rfe8 31. Ref1 d4 32. Nc4 Be2 33.
R1f2 d3 34. Nd6 d2 35. Rxe2 Rxe2 36. Bf3 Re1+ 37. Kg2 Rf8 38. Qd3 Re7 39. Qxd2 Qd7 40. Bg4 Qc7 41. Qd4 h6 42. Qd3 Qb8 43. Qg6 Be5 44.
Bf5 Rxf5 45. Rxf5 Bxd6 46. cxd6 Re2+ 47. Kf3 Qb5 48. Rf8# 1-0

[Event "*** MasterClass Titled Tuesday Blitz"]
[Site "Chess.com"]
[Date "2017.12.05"]
[Round "5"]
[White "Vojtastr"]
[Black "Quiet_Desperation"]
[Result "1/2-1/2"]
[WhiteElo "2394"]
[BlackElo "2346"]
[TimeControl "180+2"]
[EndTime "15:16:59 PST"]
[Termination "Game drawn - insufficient material"]

1. d4 Nf6 2. Nf3 e6 3. Bg5 h6 4.
Bxf6 Qxf6 5. e4 d6 6. Nc3 g6 7. Qd2 Bg7 8. O-O-O O-O 9. h4 a6 10. Ne1 Nc6 11. d5 Na7 12. f4 e5 13. g3 exf4 14.
gxf4 Nb5 15. Bxb5 axb5 16. e5 dxe5 17. fxe5 Qxe5 18. Nd3 Qd4 19. Kb1 Bf5 20. a3 Qc4 21. h5 Bxc3 22. Qxc3 Qxc3 23. bxc3 Rxa3 24. Kb2 Rfa8 25.
Nb4 c5 26. dxc6 bxc6 27. hxg6 fxg6 28. Nxc6 Ra2+ 29. Kb3 Bxc2+ 30. Kb4 Bxd1 31. Rxd1 Rb2+ 32. Kc5 h5 33. Rd7 Re8 34. Ne7+ Rxe7 35. Rxe7 h4 36. Re4 g5 37. Rg4 Kf7 38. Rxg5 h3 39. Rh5 h2 40.
Kb6 Kg6 41. Rh8 Kg5 42. Kc5 Kg4 43. Rg8+ Kf3 44. Rh8 Kg2 45. Rg8+ Kh1 46. Rh8 Rg2 47. Kxb5 Kg1 48. c4 h1=Q 49. Rxh1+ Kxh1 50. c5 Kh2 51. c6 Kg3 52. c7 Rb2+ 53. Kc6 Rc2+ 54. Kb7 Rb2+ 55. Ka7 Ra2+ 56. Kb7 Rb2+ 57. Ka7 Rc2 58. Kb7 Kf4 59. c8=Q Rxc8 60. Kxc8 1/2-1/2

[Event "*** MasterClass Titled Tuesday Blitz"]
[Site "Chess.com"]
[Date "2017.12.05"]
[Round "5"]
[White "Jahonas"]
[Black "LastHeroJr"]
[Result "1-0"]
[WhiteElo "2261"]
[BlackElo "2403"]
[TimeControl "180+2"]
[EndTime "15:17:03 PST"]
[Termination "Jahonas won by resignation"]

1. d4 Nf6 2. c4 g6 3. g3 Bg7 4. Nf3 O-O 5. Bg2 d6 6. O-O Nbd7 7. b3 e5 8. d5 Ne8 9. Bb2 f5 10. Nc3 e4 11. Nd4 Ne5 12. f3 exf3 13. exf3 Qf6 14. Nce2 c5 15. dxc6 bxc6 16. f4 Ng4 17.
Bxc6 Rb8 18. Bd5+ Kh8 19. Qd3 Nc7 20. Rab1 Nxd5 21. cxd5 Qf7 22. Nc6 Rb6 23. Bxg7+ Qxg7 24. Rfe1 Ba6 25. Qd4 Nf6 26. Nc3 Nxd5 27. Qxg7+ Kxg7 28. Nxd5 Rxc6 29. Rbc1 Rxc1 30. Rxc1 Rf7 31. Kf2 Bb7 32.
Nc7 Kf6 33. Nb5 Ke6 34. Nxa7 Be4 35. Nb5 h6 36. h4 g5 37. hxg5 hxg5 38. fxg5 Rg7 39.
Nd4+ Ke5 40. Nf3+ Ke6 41. Rc4 Ra7 42. Ra4 Rc7 43. Nd4+ Kd5 44. Ne2 Rg7 45. Ke3 Rxg5 46. Rd4+ Ke5 47. a4 Rg7 48. b4 Ra7 49. b5 d5 50. Rb4 Kd6 51. b6 Rc7 52. bxc7 Kxc7 53. Kd4 1-0

[Event "*** MasterClass Titled Tuesday Blitz"]
[Site "Chess.com"]
[Date "2017.12.05"]
[Round "5"]
[White "Lunaticx"]
[Black "Blitzstream"]
[Result "0-1"]
[WhiteElo "2700"]
[BlackElo "2522"]
[TimeControl "180+2"]
[EndTime "15:17:09 PST"]
[Termination "Blitzstream won on time"]

1. e4 d5 2. d3 dxe4 3. dxe4 Qxd1+ 4. Kxd1 Nc6 5. c3 f5 6. exf5 Bxf5 7. Be3 O-O-O+ 8.
Nd2 Nf6 9. Bb5 Ne5 10. Nf3 Nxf3 11. gxf3 e6 12. Ke2 a6 13. Bc4 b5 14. Bb3 Bd3+ 15.
Ke1 Nd5 16. Ne4 Nxe3 17. Bxe6+ Kb7 18. fxe3 Bxe4 19. fxe4 Bc5 20. Rd1 Rde8 21. Bf7 Re7 22. Rf1 Bxe3 23. Bb3 Bc5 24. Bc2 Bd6 25. h3 g5 26. Rd5 Rg8 27. Rg1 h6 28. Ke2 Bf4 29. a4 c6 30. Rdd1 h5 31. axb5 axb5 32. Kf3 Kb6 33.
Rg2 Rf8 34. Ke2 Ra8 35. h4 gxh4 36. Rf2 Be5 37. Rf5 h3 38. Rxh5 h2 39. Rf1 Ra2 40.
Rb1 Bxc3 41. Rxh2 Bxb2 42. Kf3 Be5 43. Rd2 Rf7+ 44. Kg4 Ra8 0-1